 Dungeon Crawl Stone Soup version 0.30-a0-374-g95c0257040 (webtiles) character file.

Game seed: 7331011783616127194

1702 NinjaNoafa the Nimble (level 8, -3/75 HPs)
             Began as a Troll Monk on Nov 26, 2022.
             Was a Believer of Wu Jian.
             Slain by a bullfrog (7 damage)
             ... on level 5 of the Dungeon.
             The game lasted 00:10:37 (4197 turns).

NinjaNoafa the Nimble (Troll Monk)                  Turns: 4197, Time: 00:10:37

Health: -3/75      AC:  4    Str: 20    XL:     8   Next: 73%
Magic:  7/7        EV: 13    Int:  6    God:    Wu Jian [**....]
Gold:   311        SH:  0    Dex: 14    Spells: 7/7 levels left

rFire   + . .      SeeInvis .      - Unarmed
rCold   . . .      Faith    .    (no shield)
rNeg    . . .      Spirit   .    a - +0 robe
rPois   .          Reflect  .    (helmet restricted)
rElec   .          Harm     .    (no cloak)
rCorr   .          Rampage  .    (gloves unavailable)
Will    +....                    (boots unavailable)
Stlth   ++........               (no amulet)
HPRegen 1.12/turn                e - ring of willpower
MPRegen 0.10/turn                r - ring of protection from fire

@: no status effects
A: large, unfitting armour, claws 3, regeneration 1, shaggy fur 1, tough skin 1
a: Renounce Religion, Wall Jump


You were on level 5 of the Dungeon.
You worshipped Wu Jian.
Wu Jian was pleased with you.
You visited 2 branches of the dungeon, and saw 7 of its levels.

You collected 311 gold pieces.

Inventory:

Missiles
 g - 18 stones
 p - 15 poisoned darts
 q - 4 datura-tipped darts
 u - 4 large rocks
Armour
 a - a +0 robe (worn)
Jewellery
 e - a ring of willpower (left claw)
 r - a ring of protection from fire (right claw)
Wands
 d - a wand of quicksilver (4)
Scrolls
 c - a scroll of blinking
 k - a scroll of amnesia
 n - a scroll of teleportation
 s - a scroll of noise {unknown}
 v - a scroll of silence {unknown}
Potions
 f - a potion of curing
 i - 2 potions of heal wounds
 j - a potion of brilliance
 l - a potion of flight
 t - a potion of haste


   Skills:
 + Level 3.2 Fighting
 - Level 8.0 Dodging
 - Level 1.0 Stealth
 - Level 6.9 Unarmed Combat


You had 7 spell levels left.
You didn't know any spells.
Your spell library contained the following spells:

 Spells                   Type           Power      Damage    Failure   Level
 Sting                    Tmut/Pois      0%         1d3       45%         1
 Poisonous Vapours        Pois/Air       0%         N/A       58%         2
 Kindle Blastsparks       Fire/Tloc/Air  0%         2d10      83%         3
 Fulminant Prism          Conj/Hex       0%         3d5       99%         4
 Iskenderun's Mystic Bla  Conj/Tloc      0%         2d3       99%         4
 Olgreb's Toxic Radiance  Pois           0%         N/A       99%         4
 Lee's Rapid Deconstruct  Erth           0%         3d4*      100%        5


Dungeon Overview and Level Annotations

Branches:
Dungeon (6/15)             Temple (1/1) D:5

Altars:
Ashenzari
Cheibriados
Dithmenos
Elyvilon
Gozag
Hepliaklqana
Kikubaaqudgha
Makhleb
Nemelex Xobeh
Okawaru
Ru
Trog
Uskayaw
Wu Jian
Xom
Yredelemnul
Zin
The Shining One


Innate Abilities, Weirdness & Mutations

You are too large for most types of armour.
You have claws for hands.
Your natural rate of healing is unusually fast.
You are covered in fur. (AC +1)
You have tough skin. (AC +1)


Message History

You climb upwards.
Reactivating autopickup.
There is a stone staircase leading down here.
Okay, then.
You spin and attack the bullfrog.
You barely miss the bullfrog.
The bullfrog is lightly wounded.
The bullfrog hits you.
* * * LOW HITPOINT WARNING * * *
The bullfrog closely misses you.
You feel much better.
Your attacks no longer feel as feeble.
The bullfrog hits you. The iguana barely misses you.
The bullfrog barely misses you.
The bullfrog hits you but does no damage.
The bullfrog attacks as you move away!
The bullfrog hits you but does no damage.
The bullfrog hits you!
Aiming: Wall Jump
Press: ? - help, Dir - move target, f - you Please select an adjacent position to wall jump against.
Okay, then.
Aiming: Wall Jump
Press: ? - help, Dir - move target The bullfrog hits you.
The bullfrog misses you.
Unknown command.
Aiming: Wall Jump
Press: ? - help, Dir - move target You repeatedly attack the bullfrog from above.
You scratch the bullfrog.
The bullfrog is lightly wounded.
You barely miss the bullfrog.
The bullfrog is lightly wounded.
The bullfrog hits you.
* * * LOW HITPOINT WARNING * * *
The bullfrog hits you!
* * * LOW HITPOINT WARNING * * *
The iguana bites you!
* * * LOW HITPOINT WARNING * * *
The bullfrog hits you!
You die...

###### ###........#
#....###..........# #####
##......>..#......)#
....######.......#.##...)...#
###...........<#.#.######.###
####...#######.#°# #)##
#...........#.######..# ##
#.#########lF°#...###.#####.
######.##
#.○@○.#......[......
...##...#
##.##○......##.######
.#####'####
#..###.#...###..#####
.##.#...#.###.## #.#####
##.##... ##_.'.⌠†'._##.####.#
#....## ###.#..†#.###......#
##.###. ####'#### #......#
#..##. #...# #......# ##.##.
##_## #......# ###....


You could see a bullfrog and an iguana.

Vanquished Creatures
  2 water moccasins
  A black bear (D:6)
  3 ogres (D:6)
  A necrophage (D:5)
  A bullfrog (D:6)
  3 scorpions
  2 jellies
  A howler monkey (D:6)
  5 hounds
  4 orc priests
  5 iguanas
  5 orc wizards
  7 adders
  5 gnolls
  3 dart slugs
  14 orcs
  7 endoplasms
  3 giant cockroaches
  12 goblins
  3 hobgoblins
  8 jackals
  8 kobolds
  2 quokkas
  7 ball pythons
  3 bats
  4 frilled lizards
  7 rats
126 creatures vanquished.

Vanquished Creatures (others)
  10 plants (D:3)
10 creatures vanquished.

Grand Total: 136 creatures vanquished

Notes
Turn   | Place    | Note
-------+----------+-------------------------------------------
     0 | D:1      | NinjaNoafa the Troll Monk began the quest for the Orb.
     0 | D:1      | Reached XP level 1. HP: 22/22 MP: 0/0
   175 | D:1      | Reached XP level 2. HP: 29/29 MP: 1/1
   934 | D:2      | Reached XP level 3. HP: 36/36 MP: 2/2
  1690 | D:3      | Reached XP level 4. HP: 41/44 MP: 3/3
  1804 | D:3      | Reached skill level 5 in Unarmed Combat
  2148 | D:4      | Noticed a water moccasin
  2174 | D:4      | Killed a water moccasin
  2175 | D:4      | Reached XP level 5. HP: 34/50 MP: 4/4
  2539 | D:5      | Entered Level 5 of the Dungeon
  2705 | D:5      | Reached XP level 6. HP: 42/59 MP: 5/5
  2803 | D:5      | Reached skill level 3 in Dodging
  2879 | D:5      | Reached skill level 4 in Dodging
  2879 | D:5      | Reached XP level 7. HP: 66/66 MP: 6/6
  2995 | D:5      | Found a staircase to the Ecumenical Temple.
  3077 | Temple   | Entered the Ecumenical Temple
  3229 | Temple   | Became a worshipper of the Wu Jian Council
  3229 | Temple   | Reached * piety under Wu Jian
  3229 | Temple   | Reached ** piety under Wu Jian
  3434 | D:5      | Found a shimmering altar of Xom.
  3437 | D:5      | Found a glowing golden altar of the Shining One.
  3449 | D:5      | Found a sacrificial altar of Ru.
  3606 | D:5      | Found a shadowy altar of Dithmenos.
  3622 | D:5      | Found a sparkling altar of Nemelex Xobeh.
  3625 | D:5      | Found a hide-covered altar of Uskayaw.
  3762 | D:6      | Reached skill level 5 in Dodging
  3764 | D:6      | Found an iron altar of Okawaru.
  3827 | D:6      | Reached skill level 6 in Dodging
  3832 | D:6      | Reached XP level 8. HP: 53/74 MP: 7/7
  3933 | D:6      | Reached skill level 7 in Dodging
  4032 | D:6      | Noticed a troll
  4136 | D:6      | Reached skill level 8 in Dodging
  4197 | D:5      | Slain by a bullfrog

Illustrated notes

Levels and vault maps discovered:
D:1:      dpeg_arrival_arbitrary_c, layout_basic, roderic_st_hans_cross,
          supply_closet_lemuel
D:2:      layout_basic, serial_corexii_hall, chequers_hall_statues_corner_a,
          corexii_hall_statues_i, minmay_misc_feat_hallway,
          minmay_misc_feat_encased, minmay_pentomino_u4
D:3:      layout_basic, serial_bayou, serial_bayou_shore_b,
          serial_bayou_shore_a, serial_bayou_pond_e, serial_bayou_lagoon_a,
          serial_bayou_pond_d, nicolae_titane
D:4:      layout_rooms
D:5:      layout_rooms, grunt_temple_overflow_diamond,
          minmay_overflow_temple_star_quad, minmay_temple_entry_fiery,
          hex_intersection
D:6:      lemuel_castle_with_subvaults [lemuel_castle_interior_carwin_1],
          layout_gridville, okawaru_ov_weapons_minmay
Temple:   minmay_temple_curvy_loop

Skill      XL: |  1  2  3  4  5  6  7  8 |
---------------+-------------------------+-----
Unarmed Combat | 4 6 |  6.9
Dodging        | 4 6 8 |  8.0
Fighting       | 3 |  3.2
Stealth        | |  1.0

Action                   |  1- 3 |  4- 6 |  7- 9 || total
-------------------------+-------+-------+-------++-------
Melee: Unarmed           |    99 |   105 |   158 ||   362
       Punch             |     1 |     1 |    10 ||    12
Throw: Stone             |     3 |     2 |       ||     5
       Dart              |       |     5 |       ||     5
       Large rock        |       |     1 |     8 ||     9
Invok: Whirlwind         |       |       |    58 ||    58
       Lunge             |       |       |     6 ||     6
 Abil: Wall Jump         |       |       |    13 ||    13
Evoke: Wand              |       |     1 |     2 ||     3
  Use: Potion            |       |     4 |     9 ||    13
       Scroll            |       |       |     4 ||     4
 Stab: Sleeping          |     7 |     2 |     1 ||    10
       Distracted        |       |     1 |       ||     1
Armor: Robe              |    37 |    23 |    43 ||   103
Dodge: Dodged            |    42 |    55 |   111 ||   208

Table legend: (Time is in decaauts)
 A = Elapsed time spent in this place.
 B = Non-inter-level travel time spent in this place.
 C = Inter-level travel time spent in this place.
 D = Time resting spent in this place.
 E = Time spent auto-exploring this place.
 F = Levels seen in this place.
 G = Mean time per level.
                   A        B        C        D        E       F      G
               +--------+--------+--------+--------+--------+-----+--------+
         Total |   4190 |   3876 |    314 |     25 |   2900 |   7 |  598.6 |
       Dungeon |   3925 |   3667 |    258 |     25 |   2697 |   6 |  654.2 |
        Temple |    264 |    208 |     56 |      0 |    203 |   1 |  264.0 |
               +--------+--------+--------+--------+--------+-----+--------+

Top non-repeatable levels by time:
     D:5: 860 daAuts
     D:2: 777 daAuts
     D:3: 747 daAuts
     D:1: 597 daAuts
     D:4: 510 daAuts
     D:6: 432 daAuts
  Temple: 264 daAuts
